 Dungeon Crawl Stone Soup version 0.27.1-1-g398f81649c (webtiles) character file.

Game seed: 10401612409609387116

184 calewdscratch the Digger (level 5, -4/28 HPs)
             Began as a Gargoyle Earth Elementalist on Sept 10, 2021.
             Slain by a gnoll (9 damage)
             ... on level 4 of the Dungeon.
             The game lasted 00:44:58 (4712 turns).

calewdscratch the Digger (GrEE)                     Turns: 4712, Time: 00:45:00

Health: -4/28      AC:  6    Str: 11    XL:     5   Next: 64%
Magic:  0/9        EV: 12    Int: 23    God:
Gold:   98         SH:  0    Dex: 10    Spells: 6/10 levels left

rFire    . . .     SeeInvis .   l - +0 mace
rCold    . . .     Faith    .   (no shield)
rNeg     + . .     Spirit   .   k - +0 robe
rPois    ∞         Reflect  .   (no helmet)
rElec    +         Harm     .   (no cloak)
rCorr    .         Rampage  .   (no gloves)
Will     .....                  (no boots)
Stlth    ++........             (no amulet)
HPRegen  0.09/turn              m - +6 ring of intelligence
MPRegen  0.11/turn              (no ring)

@: no status effects
A: sickness immunity, AC +4, negative energy resistance 1, electricity
resistance, torment resistance 1, petrification resistance
a: no special abilities


You were on level 4 of the Dungeon.
You visited 1 branch of the dungeon, and saw 4 of its levels.

You collected 98 gold pieces.

Inventory:

Hand Weapons
 l - a +0 mace (weapon)
 o - a +0 flail
 p - a +2 dagger of venom
 r - a +0 morningstar
Missiles
 c - 58 stones
 q - 16 poisoned darts
Armour
 j - a +0 kite shield
 k - a +0 robe (worn)
Magical Staves
 t - a staff of cold
Jewellery
 m - a +6 ring of intelligence (left hand)
Scrolls
 a - a scroll of enchant weapon {unknown}
 d - 2 scrolls of noise {unknown}
 e - a scroll of silence {unknown}
 f - 2 scrolls of vulnerability {unknown}
 g - a scroll of fear {unknown}
 n - a scroll of holy word {unknown}
 w - a scroll of identify {unknown}
Potions
 b - a potion of haste {unknown}
 h - a potion of resistance {unknown}
 i - 2 potions of curing {unknown}
 s - a potion of mutation {unknown}
 u - a potion of heal wounds {unknown}
Miscellaneous
 v - a piece from Xom's chessboard (15/15)


   Skills:
 - Level 1.8 Dodging
 - Level 2.1 Stealth
 + Level 3.3 Spellcasting
 + Level 2.8 Conjurations
 - Level 0.7 Transmutations
 + Level 5.2 Earth Magic


You had 6 spell levels left.
You knew the following spells:

 Your Spells              Type           Power      Damage    Failure   Level
a - Sandblast             Erth           56%        2d13      1%          1
b - Stone Arrow           Conj/Erth      44%        3d9       6%          3

Your spell library contained the following spells:

 Spells                   Type           Power      Damage    Failure   Level
 Passwall                 Tmut/Erth      14%        N/A       4%          2
 Sting                    Tmut/Pois      20%        1d4       10%         1
 Poisonous Vapours        Pois/Air       6%         N/A       17%         2
 Petrify                  Tmut/Erth      17%        N/A       32%         4
 Frozen Ramparts          Ice            6%         1d2       34%         3
 Ice Form                 Ice/Tmut       5%         N/A       67%         4
 Olgreb's Toxic Radiance  Pois           3%         N/A       75%         4
 Summon Ice Beast         Ice/Summ       3%         N/A       75%         4


Dungeon Overview and Level Annotations

Branches:
Dungeon (4/15)
 Temple: D:4-7

Altars:
Trog
Xom


Innate Abilities, Weirdness & Mutations

You are immune to sickness and miasma.
Your stone body is resilient. (AC +4)
You are immune to poison.
You resist negative energy. (rN+)
You are resistant to electric shocks. (rElec)
You are resistant to unholy torment.
You are immune to petrification.


Message History

The lemure closely misses you.
The iguana bites you but does no damage.
Aiming: Sandblast (safe; 1% risk of failure)
Press: ? - help, Q - select action, (/) - cycle Shift-Dir - straight line, f/p - lemure
Aim: a lemure (heavily wounded, 76% to hit)
The blast of sand hits the lemure!
The lemure is almost dead.
The lemure hits you. The iguana closely misses you.
A gnoll comes into view. It is wielding a +0 flail.
Aiming: Sandblast (safe; 1% risk of failure)
Press: ? - help, Q - select action, (/) - cycle Shift-Dir - straight line, f/p - lemure
Aim: a lemure (almost dead, 76% to hit)
The blast of sand hits the lemure!
You kill the lemure!
That felt strangely unrewarding.
The gnoll shouts!
The iguana misses you.
You don't have enough magic to cast this spell.
Your +2 dagger of venom begins to drip with poison!
p - a +2 dagger of venom (weapon)
You hit the gnoll but do no damage.
The gnoll is poisoned.
A hobgoblin comes into view.
The iguana bites you but does no damage.
The gnoll hits you with a +0 flail!
The hobgoblin shouts!
You hit the iguana but do no damage.
The iguana is poisoned.
The iguana bites you. The gnoll hits you with a +0 flail.
You closely miss the gnoll. The iguana misses you. The gnoll barely misses you.
Your +2 dagger of venom stops dripping with poison.
l - a +0 mace (weapon)
A ball python comes into view.
The iguana barely misses you.
The ball python hisses angrily.
You hit the gnoll.
The gnoll is moderately wounded.
The gnoll hits you with a +0 flail.
* * * LOW HITPOINT WARNING * * *
A gnoll comes into view. It is wielding a +0 spear.
The iguana misses you. The gnoll hits you with a +0 flail!
You die...

#### ##.$.. ......###
#..Z..# # #Z# # #l# #
## #@# #.#. #g# #.).
#g# ###.
#.###############.
#ng..............#
#.#####.#.##.####.
n.....S.# #.#..#..#
## .#.#.....
#5##'##+# #
####..##.....#.....##


You could see a necrophage, an iguana (very poisoned), 2 gnolls, a hobgoblin, a
ball python and a hound skeleton.

Vanquished Creatures
  2 lemures (D:4)
  A hound (D:4)
  An iguana (D:3)
  An orc wizard (D:3)
  An adder (D:3)
  3 worms
  3 dart slugs
  7 orcs
  9 endoplasms
  A giant cockroach (D:1)
  7 goblins
  6 hobgoblins
  3 jackals
  6 kobolds
  3 quokkas
  6 ball pythons
  3 bats
  3 frilled lizards
  6 rats
  2 butterflies (D:3)
74 creatures vanquished.

Vanquished Creatures (others)
  3 plants (D:3)
3 creatures vanquished.

Grand Total: 77 creatures vanquished

Notes
Turn   | Place    | Note
-------+----------+-------------------------------------------
     0 | D:1      | calewdscratch the Gargoyle Earth Elementalist began the
                  | quest for the Orb.
     0 | D:1      | Reached XP level 1. HP: 10/10 MP: 3/3
   271 | D:1      | Reached skill level 4 in Earth Magic
   271 | D:1      | Reached XP level 2. HP: 15/15 MP: 0/5
   937 | D:1      | Found a faded altar of an unknown god.
  1217 | D:2      | Reached XP level 3. HP: 19/19 MP: 4/6
  1307 | D:2      | Learned a level 3 spell: Stone Arrow
  1517 | D:2      | Reached skill level 1 in Conjurations
  2213 | D:3      | Reached XP level 4. HP: 24/24 MP: 0/8
  2334 | D:3      | Found a bloodstained altar of Trog.
  2999 | D:3      | Found a shimmering altar of Xom.
  3764 | D:3      | Reached skill level 5 in Earth Magic
  3764 | D:3      | Reached XP level 5. HP: 28/28 MP: 2/9
  4675 | D:4      | Noticed a lemure
  4675 | D:4      | Noticed a lemure
  4687 | D:4      | Noticed a necrophage
  4698 | D:4      | Killed a lemure
  4704 | D:4      | Killed a lemure
  4712 | D:4      | Slain by a gnoll

Illustrated notes

Levels and vault maps discovered:
D:1:      dpeg_arrival_rooms_b, layout_loops_ring,
          ebering_ecumenical_altar_abandoned
D:2:      layout_loops_cross
D:3:      minmay_general_purpose_star, layout_loops_cross, xom_butterflies,
          bloody_trog, serial_forest, infiniplex_forest_end_2,
          infiniplex_forest_straight_2, infiniplex_forest_end_1,
          infiniplex_forest_fountain, infiniplex_forest_clump_medium,
          dk_noncrumbling_4, lemuel_old_faithful
D:4:      layout_loops_ring, mainiacjoe_overflow_24_doors, chequers_mini_garden,
          minmay_bent, uniq_pikel

Skill      XL: |  1  2  3  4 |
---------------+-------------+-----
Earth Magic    | 4 5 |  5.2
Conjurations   | 1 2 |  2.8
Spellcasting   | 3 |  3.3
Dodging        | |  1.8
Stealth        | |  2.1
Transmutations | |  0.7

Action                   |  1- 3 |  4- 6 || total
-------------------------+-------+-------++-------
Melee: Short sword       |     5 |       ||     5
       Mace              |     8 |    16 ||    24
       Dagger            |       |     3 ||     3
 Cast: Sandblast         |    50 |    49 ||    99
       Stone Arrow       |     1 |     5 ||     6
Armor: Robe              |     8 |     5 ||    13
Dodge: Dodged            |    18 |    27 ||    45
